 Seeded DCSS version 0.30-a0-924-g0ad0bf95bc (webtiles) character file.

Game seed: 3425090202442293766 (custom seed)

333 valliere the Sneak (level 6, -9/30 HPs)
             Began as a Spriggan Enchanter on Mar 21, 2023.
             Killed by nerve-wracking pain
             ... invoked by an orc priest
              (11 damage)
             ... on level 3 of the Dungeon on Mar 22, 2023.
             The game lasted 00:11:11 (2779 turns).

valliere the Sneak (Spriggan Enchanter)             Turns: 2779, Time: 00:11:12

Health: -9/30      AC:  3    Str: 15    XL:     6   Next: 27%
Magic:  9/12       EV: 18    Int: 19    God:
Gold:   186        SH:  5    Dex: 20    Spells: 7/12 levels left

rFire   . . .      SeeInvis +    a - +1 dagger
rCold   . . .      Faith    .    d - +0 buckler "Fyer" {Str+8}
rNeg    . . .      Spirit   .    g - +1 robe of Keet {Str+3 Int+2 Dex+3}
rPois   .          Reflect  .    (helmet restricted)
rElec   .          Rampage  .    (no cloak)
rCorr   .                        (gloves unavailable)
Will    +....                    (boots unavailable)
Stlth   ++++                     s - amulet of the acrobat
HPRegen 0.25/turn                (no ring)
MPRegen 0.13/turn                (no ring)

@: very quick
A: very small, no large weapons, unfitting armour, see invisible, speed 3
a: no special abilities


You were on level 3 of the Dungeon.
You visited 1 branch of the dungeon, and saw 4 of its levels.

You collected 230 gold pieces.
You spent 44 gold pieces at shops.

Inventory:

Hand Weapons
 a - a +1 dagger (weapon)
Missiles
 h - 3 poisoned darts (quivered)
 n - 5 atropa-tipped darts
 o - 2 throwing nets
Armour
 b - a +0 robe
 d - the +0 buckler "Fyer" (worn) {Str+8}
   (You acquired it on level 1 of the Dungeon)

   Str:       It affects your strength (+8).
 g - the +1 robe of Keet (worn) {Str+3 Int+2 Dex+3}
   (You acquired it on level 1 of the Dungeon)

   Str:       It affects your strength (+3).
   Int:       It affects your intelligence (+2).
   Dex:       It affects your dexterity (+3).
Jewellery
 l - an amulet of guardian spirit
 s - an amulet of the acrobat (around neck)
Scrolls
 e - a scroll of blinking {unknown}
 f - 3 scrolls of noise {unknown}
 i - 5 scrolls of identify
 j - a scroll of enchant armour {unknown}
 p - 3 scrolls of magic mapping {unknown}
 u - 2 scrolls of teleportation {unknown}
 y - a scroll of silence {unknown}
 z - a scroll of fear {unknown}
 B - a scroll of fog {unknown}
 C - a scroll of immolation {unknown}
Potions
 c - 2 potions of invisibility
 k - a potion of degeneration {unknown}
 m - a potion of resistance {unknown}
 q - 2 potions of curing {unknown}
 r - a potion of brilliance {unknown}
 t - a potion of attraction {unknown}
 v - a potion of haste {unknown}
 w - a potion of might {unknown}
 x - a potion of flight {unknown}
 A - 2 potions of ambrosia {unknown}


   Skills:
 + Level 1.2 Fighting
 + Level 2.2 Short Blades
 + Level 1.7 Throwing
 + Level 3.8 Dodging
 * Level 6.6 Stealth
 + Level 1.2 Shields
 + Level 3.7 Spellcasting
 + Level 4.5 Hexes


You had 7 spell levels left.
You knew the following spells:

 Your Spells              Type           Power      Damage    Failure   Level
a - Ensorcelled Hibernat  Hex/Ice        24%        N/A       19%         2
b - Confusing Touch       Hex            20%        N/A       14%         3

Your spell library contained the following spells:

 Spells                   Type           Power      Damage    Failure   Level
 Tukima's Dance           Hex            20%        N/A       14%         3
 Dazzling Flash           Conj/Hex       24%        N/A       34%         3
 Blink                    Tloc           6%         N/A       41%         2
 Manifold Assault         Tloc           3%         N/A       96%         4
 Storm Form               Tmut/Air       1%         N/A       100%        7


Dungeon Overview and Level Annotations

Branches:
Dungeon (4/15)
 Temple: D:4-7

Altars:

Shops:
D:2 ?(

Annotations:
D:4 Grinder


Innate Abilities, Weirdness & Mutations

You are very small and have problems with some larger weapons.
You are too small for most types of armour.
You have supernaturally acute eyesight. (SInv)
You cover ground extremely quickly. (Speed+++)


Message History

Casting: Ensorcelled Hibernation (safe; 19% risk of failure)
Confirm with . or Enter, or press ? or * to list all spells.
The spell is quite dangerous to miscast (14% risk of failure)!
Continue anyway?
Your hands begin to glow red.
The hobgoblin shouts!
The orc shouts!
You hear a shout!
Grinder hits you.
You writhe in agony.
You hit Grinder but do no damage.
Grinder is almost dead.
Grinder blinks!
The orc wizard mumbles some strange words.
The orc wizard flickers and vanishes for a moment.
Found 2 scrolls of acquirement.
Grinder says, "Tell me all your secrets, or I'll kill you."
Grinder blinks!
A hobgoblin comes into view.
There is a stone staircase leading up here.
The orc priest casts a cantrip, but nothing happens.
You climb upwards.
Your hands stop glowing.
There is a stone staircase leading down here.
You hit the orc priest.
The orc priest is lightly wounded.
You block the orc priest's attack.
You hit the orc priest.
The orc priest is lightly wounded.
The orc priest calls down the wrath of Beogh upon you.
Beogh smites you!
* * * LOW HITPOINT WARNING * * *
You hit the orc priest.
The orc priest is moderately wounded.
You block the orc priest's attack.
Casting: Confusing Touch (quite dangerous; 14% risk of failure)
Confirm with . or Enter, or press ? or * to list all spells.
Aiming: Ensorcelled Hibernation (safe; 19% risk of failure)
Press: ? - help, Shift-Dir - straight line, f - orc priest
Aim: an orc priest, wielding a +0 dagger (moderately wounded, chance to affect: 46%)
The orc priest resists with some effort.
The orc priest calls down the wrath of Beogh upon you.
Pain shoots through your body!
You die...

#.............#
#.####........# #####
#.# #.......)######...#
#.# #.................##
#.# #.................'.
#.# ####'###..........##
#.#######.#######.##...#
#.##...o..........##...#
#..'....@†........##...#
####.....########.##...#
#####......#...######
########..###.#.###
#...........#.#.#
#.######..#.#.#.# #.#
#..#.#.#.# #.#
#..#.#.#.# #.#
#..#.#.#.#


You could see an orc priest.

Vanquished Creatures
  Sigmund (D:3)
  Terence (D:3)
  4 adders (D:2)
  A worm (D:2)
  12 dart slugs
  2 orcs
  7 ball pythons
  7 bats
  4 endoplasms
  3 giant cockroaches
  6 goblins
  4 hobgoblins
  2 kobolds
  A quokka (D:2)
  4 frilled lizards
  13 rats
72 creatures vanquished.

Notes
Turn   | Place    | Note
-------+----------+-------------------------------------------
     0 | D:1      | valliere the Spriggan Enchanter began the quest for the
                  | Orb.
     0 | D:1      | Reached XP level 1. HP: 9/9 MP: 5/5
     7 | D:1      | Identified a scroll of acquirement
     7 | D:1      | Acquired the +0 buckler "Fyer" {Str+8}
   103 | D:1      | Acquired the +1 robe of Keet {Str+3 Int+2 Dex+3}
   183 | D:1      | Reached XP level 2. HP: 5/13 MP: 6/6
   188 | D:1      | Learned a level 2 spell: Ensorcelled Hibernation
   567 | D:1      | Reached skill level 5 in Stealth
   674 | D:1      | Found a faded altar of an unknown god.
   849 | D:2      | Reached XP level 3. HP: 10/16 MP: 5/8
   923 | D:2      | Found Nareh's Weapon Boutique.
  1177 | D:2      | Upgraded the game from 0.30-a0-920-g7493c07aab to
                  | 0.30-a0-924-g0ad0bf95bc
  1206 | D:2      | Reached XP level 4. HP: 21/21 MP: 9/9
  1373 | D:2      | Found Lipoy's Magic Scroll Boutique.
  1389 | D:2      | Bought a scroll of identify for 22 gold pieces
  1389 | D:2      | Bought a scroll of identify for 22 gold pieces
  1520 | D:2      | Reached skill level 1 in Throwing
  1755 | D:3      | Noticed Sigmund
  1762 | D:3      | Killed Sigmund
  1763 | D:3      | Reached skill level 1 in Fighting
  1763 | D:3      | Reached skill level 6 in Stealth
  1763 | D:3      | Reached skill level 1 in Shields
  1763 | D:3      | Reached XP level 5. HP: 25/25 MP: 7/11
  1763 | D:3      | Reached XP level 6. HP: 30/30 MP: 7/12
  1894 | D:3      | Noticed Terence
  1937 | D:3      | Learned a level 3 spell: Confusing Touch
  1951 | D:3      | Killed Terence
  2750 | D:4      | Noticed Grinder
  2777 | D:3      | HP: 1/30 [orc priest/divine providence (14)]
  2779 | D:3      | Killed from afar by an orc priest

Illustrated notes

Levels and vault maps discovered:
D:1:      minmay_arrival_loop, layout_basic, ebering_ecumenical_altar_webs,
          moated_statue, minmay_tetromino_s2
D:2:      minmay_angry_zag, layout_basic, serial_shops,
          nicolae_shop_behind_doors, nicolae_shop_bloodbath_and_beyond,
          minmay_cut_off
D:3:      kennysheep_slugbush, layout_basic, uniq_sigmund, uniq_terence
D:4:      layout_layer_cave, gammafunk_temple_overflow_claw,
          nicolae_tso_besieged_by_evil, minivault_24, uniq_grinder

Skill      XL: |  1  2  3  4 |
---------------+-------------+-----
Spellcasting   | 3 |  3.7
Stealth        | 5 6 |  6.6
Dodging        | 3 |  3.8
Hexes          | 4 |  4.5
Throwing       | 1 |  1.7
Fighting       | 1 |  1.2
Short Blades   | 2 |  2.2
Shields        | 1 |  1.2

Action                     |  1- 3 |  4- 6 || total
---------------------------+-------+-------++-------
  Melee: Dagger            |   154 |   102 ||   256
  Throw: Dart              |     1 |       ||     1
   Cast: Ensorcelled Hiber |       |     4 ||     4
         Confusing Touch   |       |     2 ||     2
    Use: Scroll            |     2 |       ||     2
   Stab: Sleeping          |    11 |    15 ||    26
         Distracted        |     2 |       ||     2
         Confused          |       |     2 ||     2
 Armour: Robe              |    26 |     9 ||    35
  Dodge: Dodged            |    92 |    38 ||   130
  Block: Buckler           |    32 |    15 ||    47

Table legend: (Time is in decaauts)
 A = Elapsed time spent in this place.
 B = Non-inter-level travel time spent in this place.
 C = Inter-level travel time spent in this place.
 D = Time resting spent in this place.
 E = Time spent auto-exploring this place.
 F = Levels seen in this place.
 G = Mean time per level.
                   A        B        C        D        E       F      G
               +--------+--------+--------+--------+--------+-----+--------+
         Total |   1961 |   1937 |     24 |     29 |   1288 |   4 |  490.2 |
       Dungeon |   1961 |   1937 |     24 |     29 |   1288 |   4 |  490.2 |
               +--------+--------+--------+--------+--------+-----+--------+

Top non-repeatable levels by time:
     D:3: 699 daAuts
     D:2: 672 daAuts
     D:1: 571 daAuts
     D:4: 18 daAuts
